 Dungeon Crawl Stone Soup version 0.27-a0-1177-g245c70e1c0 (webtiles) character file.

Game seed: 10287336253704296262

7205 Glokmah the Grappler (level 10, -2/86 HPs)
             Began as a Yellow Draconian Transmuter on May 16, 2021.
             Was a High Priest of the Shining One.
             Slain by an efreet
             ... wielding a +1 scimitar of flaming
              (7 damage)
             ... on level 9 of the Dungeon.
             The game lasted 00:17:41 (9035 turns).

Glokmah the Grappler (Yellow Draconian Transmuter)  Turns: 9035, Time: 00:17:45

Health: -2/86      AC:  9    Str: 15    XL:     10   Next: 87%
Magic:  12/14      EV: 16    Int: 13    God:    the Shining One [*****.]
Gold:   455        SH:  0    Dex: 13    Spells: 0/15 levels left

rFire    . . .     SeeInvis .     - Unarmed
rCold    . . .     Faith    +   (no shield)
rNeg     + + .     Spirit   .   (armour unavailable)
rPois    .         Reflect  .   (helmet currently unavailable)
rElec    .         Harm     .   c - +0 cloak
rCorr    +         Rampage  .   z - +0 pair of gloves
Will     .....                  (boots currently unavailable)
Stlth    +.........             a - amulet of faith
HPRegen  0.24/turn              i - +4 ring of slaying
MPRegen  0.14/turn              b - +4 ring of evasion

@: appendages, wereblooded, glowing
A: horns 2, talons 2, spit acid, AC +7, unfitting armour, cold-blooded, acid
resistance
a: Breathe Acid, End Transformation, Renounce Religion, Divine Shield, Cleansing
Flame, Summon Divine Warrior


You were on level 9 of the Dungeon.
You worshipped the Shining One.
The Shining One was extremely pleased with you.
You had temporarily grown beastly horns and talons.
You visited 1 branch of the dungeon, and saw 9 of its levels.
You also visited: Ossuary.

You collected 455 gold pieces.

Inventory:

Missiles
 e - 47 poisoned darts
Armour
 c - a +0 cloak (worn)
 o - a +2 hat (melded)
 z - a +0 pair of gloves (worn)
Jewellery
 a - an amulet of faith (around neck)
 b - a +4 ring of evasion (right hand)
 i - a +4 ring of slaying (left hand)
 p - a ring of magical power
 v - a ring of fire
 C - a ring of fire
Wands
 l - a wand of paralysis (9)
 r - a wand of flame (22)
 u - a wand of iceblast (6)
 A - a wand of mindburst (11)
Scrolls
 m - 3 scrolls of enchant armour
 t - 5 scrolls of identify
 w - 2 scrolls of fear
 y - a scroll of magic mapping
 D - a scroll of fog
Potions
 d - 2 potions of lignification
 f - 3 potions of heal wounds
 g - 5 potions of mutation
 h - 2 potions of haste {unknown}
 j - 6 potions of curing
 k - a potion of ambrosia {unknown}
 n - 4 potions of attraction
 q - 2 potions of brilliance
 s - 2 potions of might
 x - a potion of degeneration {unknown}
 B - a potion of flight {unknown}


   Skills:
 + Level 7.6 Fighting
 - Level 1.7 Dodging
 * Level 10.3 Unarmed Combat
 - Level 3.0 Spellcasting
 * Level 10.1 Transmutations
 + Level 1.1 Ice Magic
 - Level 5.0 Poison Magic
 * Level 2.1 Invocations


You couldn't memorise any spells.
You knew the following spells:

 Your Spells              Type           Power      Damage    Failure   Level
a - Beastly Appendage     Tmut           56%        N/A       1%          1
b - Wereblood             Tmut           28%        N/A       1%          2
c - Spider Form           Tmut/Pois      10%        N/A       3%          3
d - Hydra Form            Tmut           14%        N/A       10%         5
e - Ice Form              Ice/Tmut       16%        N/A       22%         4

Your spell library contained the following spells:

 Spells                   Type           Power      Damage    Failure   Level
 Foxfire                  Conj/Fire      4%         2x1d4     22%         1
 Conjure Flame            Conj/Fire      1%         6-21      56%         3
 Inner Flame              Hex/Fire       1%         N/A       56%         3
 Sticky Flame             Conj/Fire      1%         2d3       92%         4
 Summon Lightning Spire   Summ/Air       1%         N/A       92%         4
 Fireball                 Conj/Fire      0%         3d3       99%         5
 Silence                  Hex/Air        0%         N/A       99%         5
 Conjure Ball Lightning   Conj/Air       0%         3x3d6     100%        6
 Tornado                  Air            0%         N/A       100%        9


Dungeon Overview and Level Annotations

Branches:
Dungeon (9/15)             Temple (0/1) D:7            Lair (0/6) D:8
Ossuary (visited)
    Orc: D:9-12

Altars:
Qazlal
Uskayaw
Wu Jian
Zin
The Shining One

Shops:
D:1 ?   D:7 !


Innate Abilities, Weirdness & Mutations

You have temporarily grown beastly horns and talons.
You can spit globs of acid.
Your golden yellow scales are hard. (AC +7)
You cannot fit into any form of body armour.
You are cold-blooded and may be slowed by cold attacks.
You are resistant to acid. (rCorr)


Message History

+0 acid dragon scales; an acid dragon corpse You hit the howler monkey zombie.
You claw the howler monkey zombie.
You destroy the howler monkey zombie!
The Shining One accepts your kill.
You feel better.
The efreet hits you with a +1 scimitar of flaming.
The efreet burns you.
You hit the efreet. Your kick misses the efreet. You headbutt the efreet.
The efreet is lightly wounded.
The efreet gestures at you.
The fireball explodes!
The fireball engulfs you!!
The fireball engulfs the efreet.
The efreet completely resists.
You punch the efreet! You claw the efreet, but do no damage.
The efreet is heavily wounded.
You howl as the wereblood boils in your veins!
The efreet gestures at you. The bolt of fire hits you!!
You punch the efreet! Your kick misses the efreet.
The efreet is severely wounded.
You howl as the wereblood boils in your veins!
You hit the efreet but do no damage.
The efreet is severely wounded.
You howl as the wereblood boils in your veins!
The efreet hits you with a +1 scimitar of flaming.
The efreet burns you.
You are too injured to fight recklessly!
You punch the efreet!
You headbutt the efreet, but do no damage.
The efreet is almost dead.
You howl as the wereblood boils in your veins!
The efreet gestures at you. The bolt of fire hits you!
* * * LOW HITPOINT WARNING * * *
You completely miss the efreet. You claw the efreet, but do no damage.
Your headbutt misses the efreet.
The efreet is almost dead.
The efreet hits you with a +1 scimitar of flaming!!
* * * LOW HITPOINT WARNING * * *
The efreet burns you!
You die...

# . #. .#
.# .#. #. #
8# . 8 ...
#.#.
#..#..#.
..#8#...#8
#.#R.#..
##.@.#8#
#.###.[##.#
#....)....#
######..###
##.# #.##
#..#
##.#####.#
##........


You could see an efreet.

Vanquished Creatures
  3 death yaks (D:8)
  A gargoyle (D:7)
  Sigmund (D:3)
  2 wyverns
  6 yaks (D:8)
  Grum (D:8)
  A steam dragon (D:7)
  Menkaure (D:4)
  2 acid dragons (D:9)
  2 water moccasins (D:5)
  2 black bears
  2 sky beasts
  A necrophage (D:7)
  An ogre (D:5)
  4 wolves (D:8)
  A centaur (D:6)
  2 wyvern zombies (D:8)
  A bullfrog (D:3)
  10 scorpions
  5 wights (D:9)
  4 centaur zombies (Ossuary)
  2 bullfrog zombies (D:7)
  2 gnoll shamans
  3 human zombies (Ossuary)
  2 jellies
  Crazy Yiuf (D:4)
  A centaur skeleton (D:7)
  A hound (D:4)
  5 scorpion zombies (Ossuary)
  4 iguanas
  2 orc wizards
  A howler monkey zombie (D:9)
  3 mummies (Ossuary)
  7 gnolls
  A howler monkey skeleton (D:5)
  4 adders
  A white imp (D:7)
  4 worms
  7 dart slugs
  18 orcs
  3 endoplasms
  A giant cockroach (D:3)
  6 goblins
  4 hobgoblins
  3 jackals (D:4)
  7 kobolds
  3 quokkas
  7 ball pythons
  6 bats
  A frilled lizard (D:1)
  2 gnoll zombies (Ossuary)
  A goblin zombie (Ossuary)
  A hobgoblin zombie (Ossuary)
  A jackal skeleton (D:4)
  2 kobold zombies (Ossuary)
  3 orc zombies (Ossuary)
  6 rats
179 creatures vanquished.

Notes
Turn   | Place    | Note
-------+----------+-------------------------------------------
     0 | D:1      | Glokmah the Draconian Transmuter began the quest for the
                  | Orb.
     0 | D:1      | Reached XP level 1. HP: 16/16 MP: 3/3
   244 | D:1      | Reached XP level 2. HP: 20/23 MP: 3/5
   248 | D:1      | Learned a level 2 spell: Wereblood
   248 | D:1      | Found Dalusmy's Magic Scroll Emporium.
   856 | D:2      | Reached XP level 3. HP: 8/29 MP: 2/6
  1484 | D:2      | Found a glowing golden altar of the Shining One.
  1501 | D:2      | Became a worshipper of the Shining One
  1988 | D:3      | Reached XP level 4. HP: 28/36 MP: 3/7
  2329 | D:3      | Noticed a bullfrog
  2339 | D:3      | Killed a bullfrog
  2340 | D:3      | Reached XP level 5. HP: 13/42 MP: 2/8
  3000 | D:3      | Noticed Sigmund
  3011 | D:3      | Killed Sigmund
  3012 | D:3      | Reached skill level 5 in Unarmed Combat
  3012 | D:3      | Reached XP level 6. HP: 51/51 MP: 9/9
  3112 | D:4      | Identified the +6 short sword of Spring {venom, +Rage}
  3283 | D:4      | Noticed Menkaure
  3290 | D:4      | Killed Menkaure
  3295 | D:4      | Reached skill level 5 in Transmutations
  3312 | D:4      | Your scales start taking on a golden yellow colour.
  3312 | D:4      | Reached XP level 7. HP: 25/57 MP: 10/10
  3312 | D:4      | Gained mutation: You are resistant to acid. (rCorr) [Yellow
                  | Draconian growth]
  3565 | D:4      | Learned a level 3 spell: Spider Form
  3648 | D:4      | Found a runed translucent door.
  3649 | D:4      | Noticed Crazy Yiuf
  3871 | D:4      | Reached * piety under the Shining One
  4059 | D:4      | Killed Crazy Yiuf
  4335 | D:5      | Entered Level 5 of the Dungeon
  4451 | D:5      | Reached skill level 1 in Poison Magic
  4851 | D:5      | Reached XP level 8. HP: 65/66 MP: 11/11
  5601 | D:6      | You fall into a shaft and drop 2 floors!
  5721 | D:8      | Noticed Grum
  5737 | D:8      | Killed Grum
  5754 | D:8      | Reached skill level 5 in Fighting
  5769 | D:8      | Reached XP level 9. HP: 27/74 MP: 10/13
  5881 | D:8      | Found a sand-covered staircase.
  5887 | Ossuary  | Entered an ossuary
  5988 | Ossuary  | Learned a level 5 spell: Hydra Form
  5997 | Ossuary  | Reached ** piety under the Shining One
  6052 | Ossuary  | Reached skill level 5 in Poison Magic
  6066 | Ossuary  | Reached *** piety under the Shining One
  6356 | D:8      | Noticed a death yak
  6356 | D:8      | Reached **** piety under the Shining One
  6365 | D:8      | Noticed a death yak
  6375 | D:8      | Noticed a death yak
  6380 | D:8      | HP: 1/75 [death yak (26)]
  6388 | D:8      | Killed a death yak
  6400 | D:8      | Killed a death yak
  6401 | D:8      | Reached XP level 10. HP: 63/84 MP: 2/14
  6409 | D:8      | Killed a death yak
  6614 | D:8      | Found a staircase to the Lair.
  7028 | D:6      | Found a glowing silver altar of Zin.
  7028 | D:6      | Found a stormy altar of Qazlal.
  7028 | D:6      | Found a hide-covered altar of Uskayaw.
  7243 | D:6      | Found an ornate altar of the Wu Jian Council.
  7506 | D:7      | Found a staircase to the Ecumenical Temple.
  7646 | D:7      | Noticed a gargoyle
  7656 | D:7      | Killed a gargoyle
  7657 | D:7      | Reached skill level 10 in Unarmed Combat
  7866 | D:7      | Learned a level 4 spell: Ice Form
  7994 | D:7      | Found Derefig's Distillery.
  8113 | D:7      | Reached skill level 1 in Invocations
  8785 | D:9      | Reached skill level 10 in Transmutations
  8786 | D:9      | Reached skill level 1 in Ice Magic
  9018 | D:9      | Reached ***** piety under the Shining One
  9035 | D:9      | Slain by an efreet

Illustrated notes

Levels and vault maps discovered:
D:1:      tarquinn_simple_flora_water_a, layout_rooms, serial_shops, shop
D:2:      layout_loops_ring, basic_altar, grunt_ministairs_15
D:3:      layout_loops_cross, minmay_quadrilaterals, uniq_sigmund
D:4:      layout_loops_cross, minmay_checkerbox, uniq_crazy_yiuf_cottage,
          uniq_menkaure
D:5:      layout_loops_ring
D:6:      layout_loops_cross, gammafunk_temple_overflow_claw,
          lemuel_crystal_altar
D:7:      layout_gridville, temple_statues, serial_shops, shop
D:8:      layout_basic, dpeg_lair_monsters, nicolae_ossuary_entry_plus,
          uniq_grum
D:9:      layout_rooms, kennysheep_doodads

Skill      XL: |  1  2  3  4  5  6  7  8  9 10 |
---------------+-------------------------------+-----
Transmutations | 3 4 5 6 8 10 | 10.1
Fighting       | 2 3 4 5 6 7 |  7.6
Unarmed Combat | 4 5 6 7 9 10 | 10.3
Poison Magic   | 2 4 5 |  5.0
Spellcasting   | 3 |  3.0
Invocations    | 2 |  2.1
Ice Magic      | 1 |  1.1
Dodging        | |  1.7

Action                   |  1- 3 |  4- 6 |  7- 9 | 10-12 || total
-------------------------+-------+-------+-------+-------++-------
Melee: Unarmed           |    94 |    62 |   234 |    93 ||   483
       Kick              |    15 |    10 |    43 |     7 ||    75
       Headbutt          |     9 |     8 |    26 |     6 ||    49
       Tailslap          |     5 |     4 |    26 |     4 ||    39
       Punch             |       |       |     7 |     4 ||    11
 Cast: Beastly Appendage |    24 |    10 |    23 |     5 ||    62
       Wereblood         |     3 |     7 |    20 |     2 ||    32
       Spider Form       |       |       |     3 |       ||     3
       Hydra Form        |       |       |     1 |     2 ||     3
Invok: Divine Shield     |       |       |     1 |       ||     1
 Abil: Breathe Acid      |       |       |     1 |       ||     1
  Use: Scroll            |       |       |    10 |     7 ||    17
       Potion            |       |       |     4 |       ||     4
Armor: Skin              |    27 |    21 |    69 |    16 ||   133
Dodge: Dodged            |    56 |    40 |   213 |    54 ||   363
Block: Other             |       |       |     6 |       ||     6

Table legend: (Time is in decaauts)
 A = Elapsed time spent in this place.
 B = Non-inter-level travel time spent in this place.
 C = Inter-level travel time spent in this place.
 D = Time resting spent in this place.
 E = Time spent auto-exploring this place.
 F = Levels seen in this place.
 G = Mean time per level.
                   A        B        C        D        E       F      G
               +--------+--------+--------+--------+--------+-----+--------+
         Total |   8984 |   8604 |    380 |   1137 |   5654 |  10 |  898.4 |
       Dungeon |   8594 |   8214 |    380 |   1043 |   5654 |   9 |  954.9 |
       Ossuary |    389 |    389 |      0 |     94 |      0 |   1 |  389.0 |
               +--------+--------+--------+--------+--------+-----+--------+

Top non-repeatable levels by time:
     D:8: 1288 daAuts
     D:2: 1261 daAuts
     D:4: 1258 daAuts
     D:3: 1150 daAuts
     D:7: 990 daAuts
     D:5: 917 daAuts
     D:6: 764 daAuts
     D:1: 711 daAuts
 Ossuary: 389 daAuts
     D:9: 251 daAuts
